[ AOE2 MATCH · #507236108 ]
UnrankedTatars vs Burgundians
Player's team · WIN
[ REPLAY ANALYSIS · EXTRACTED FROM THE RECORDED GAME ]
Feudal
10:33
Castle
—
Imperial
—
| APM avg | 81.8 |
| APM peak | 111 |
| eAPM avg | 21.1 |
| Villagers / military | 30 / 9 |
Focus
⚔️ 25.9% · 🌾 74.1%
Archer ×4 · Militia ×3 · Spearman ×2
Feudal
9:20
Castle
—
Imperial
—
| APM avg | 62.4 |
| APM peak | 101 |
| eAPM avg | 31.7 |
| Villagers / military | 31 / 3 |
Focus
⚔️ 38.6% · 🌾 61.4%
Scout Cavalry ×3
Match map
Initial resources + every placement click. Lines = walls · curves = elevation contours. ◆ gold · ⬟ stone · ● berries · ✦ relic · ◌ wall gap
Your base· Open — unwalled flank
燕麦牛奶's base· Open — unwalled flank
Smoothed initial terrain · ◌ = detected wall gap · hover for details
Inputs per minute
— uel - - 燕麦牛奶
Build order — uel
74 actions detected in the replay
| 0:01 | Create | Villager (Male) |
| 0:01 | Create | Villager (Male) |
| 0:02 | Create | Villager (Male) |
| 0:03 | Build | House |
| 0:04 | Build | House |
| 0:14 | Create | Villager (Male) |
| 0:15 | Create | Villager (Male) |
| 1:25 | Create | Villager (Male) |
| 1:59 | Create | Villager (Male) |
| 2:01 | Build | Lumber Camp |
| 2:18 | Create | Villager (Male) |
| 2:19 | Create | Villager (Male) |
| 2:42 | Create | Villager (Male) |
| 2:43 | Create | Villager (Male) |
| 2:58 | Create | Villager (Male) |
| 2:58 | Create | Villager (Male) |
| 3:34 | Create | Villager (Male) |
| 3:34 | Create | Villager (Male) |
| 3:53 | Build | House |
| 3:57 | Build | House |
| 4:01 | Create | Villager (Male) |
| 4:13 | Build | House |
| 4:25 | Create | Villager (Male) |
| 4:32 | Create | Villager (Male) |
| 5:01 | Build | Barracks |
| 5:04 | Create | Villager (Male) |
| 5:08 | Build | Palisade Wall |
| 5:09 | Build | Palisade Wall |
| 5:29 | Build | Palisade Wall |
| 5:33 | Create | Villager (Male) |
| 5:40 | Build | House |
| 6:01 | Create | Villager (Male) |
| 6:04 | Create | Militia |
| 6:05 | Create | Militia |
| 6:08 | Create | Villager (Male) |
| 6:21 | Create | Villager (Male) |
| 6:24 | Create | Militia |
| 6:34 | Create | Villager (Male) |
| 6:43 | Build | Mill |
| 7:18 | Research | Loom |
| 8:23 | Research | Feudal Age |
| 8:23 | Research | Feudal Age |
| 8:28 | Build | Mining Camp |
| 8:34 | Build | Mining Camp |
| 8:50 | Build | Lumber Camp |
| 9:29 | Create | Villager (Male) |
| 10:33 | Age | Feudal Age |
| 10:34 | Build | Archery Range |
| 10:36 | Research | Man-at-Arms (upgrade) |
| 10:36 | Research | Double-Bit Axe |
| 10:39 | Research | Horse Collar |
| 10:43 | Build | Farm |
| 10:51 | Create | Spearman |
| 10:58 | Create | Villager (Male) |
| 11:03 | Build | House |
| 11:17 | Create | Archer |
| 11:18 | Build | House |
| 11:22 | Create | Villager (Male) |
| 11:48 | Create | Archer |
| 11:54 | Create | Spearman |
| 12:10 | Build | Farm |
| 12:10 | Build | Farm |
| 12:10 | Build | Farm |
| 12:11 | Build | Farm |
| 12:25 | Build | House |
| 12:27 | Create | Villager (Male) |
| 12:40 | Create | Archer |
| 12:51 | Build | Blacksmith |
| 12:56 | Build | House |
| 13:00 | Create | Villager (Male) |
| 13:11 | Build | Farm |
| 13:26 | Create | Villager (Male) |
| 13:28 | Build | Farm |
| 13:42 | Create | Archer |
Build order — 燕麦牛奶
92 actions detected in the replay
| 0:02 | Create | Villager (Male) |
| 0:02 | Create | Villager (Male) |
| 0:02 | Create | Villager (Male) |
| 0:03 | Build | House |
| 0:04 | Build | House |
| 0:17 | Create | Villager (Male) |
| 1:26 | Create | Villager (Male) |
| 1:27 | Create | Villager (Male) |
| 1:41 | Create | Villager (Male) |
| 2:12 | Create | Villager (Male) |
| 2:46 | Create | Villager (Male) |
| 3:09 | Create | Villager (Male) |
| 3:25 | Build | Mill |
| 3:34 | Create | Villager (Male) |
| 3:57 | Create | Villager (Male) |
| 4:18 | Build | House |
| 4:37 | Create | Villager (Male) |
| 4:37 | Create | Villager (Male) |
| 4:39 | Build | Lumber Camp |
| 5:03 | Create | Villager (Male) |
| 5:04 | Create | Villager (Male) |
| 5:05 | Create | Villager (Male) |
| 5:15 | Create | Villager (Male) |
| 6:12 | Research | Loom |
| 6:18 | Create | Villager (Male) |
| 6:20 | Research | Loom |
| 6:23 | Research | Double-Bit Axe |
| 7:09 | Research | Feudal Age |
| 7:47 | Create | Villager (Male) |
| 7:57 | Build | Palisade Wall |
| 7:58 | Build | Palisade Wall |
| 7:59 | Build | Palisade Wall |
| 8:09 | Create | Villager (Male) |
| 8:26 | Build | Palisade Wall |
| 8:35 | Build | Palisade Wall |
| 8:42 | Build | Palisade Wall |
| 8:42 | Build | Palisade Wall |
| 8:43 | Build | Palisade Wall |
| 8:48 | Build | Palisade Wall |
| 9:00 | Create | Villager (Male) |
| 9:07 | Build | Palisade Wall |
| 9:20 | Age | Feudal Age |
| 9:24 | Create | Villager (Male) |
| 9:25 | Build | House |
| 9:31 | Build | Barracks |
| 9:33 | Create | Villager (Male) |
| 9:36 | Build | Palisade Wall |
| 9:38 | Build | Palisade Wall |
| 9:39 | Build | Palisade Wall |
| 9:50 | Build | Palisade Wall |
| 10:01 | Build | Palisade Wall |
| 10:05 | Build | House |
| 10:18 | Build | Stable |
| 10:51 | Build | Farm |
| 10:51 | Build | Farm |
| 10:55 | Build | Farm |
| 10:56 | Build | Farm |
| 11:02 | Build | Mill |
| 11:20 | Build | Farm |
| 11:21 | Create | Villager (Male) |
| 11:38 | Build | Palisade Wall |
| 11:39 | Build | Palisade Wall |
| 11:43 | Build | Palisade Wall |
| 11:44 | Build | Palisade Wall |
| 11:51 | Build | Palisade Wall |
| 11:53 | Build | Palisade Wall |
| 11:55 | Build | Palisade Wall |
| 11:56 | Build | Palisade Wall |
| 11:57 | Create | Villager (Male) |
| 12:00 | Build | House |
| 12:03 | Build | Palisade Wall |
| 12:04 | Build | Palisade Wall |
| 12:09 | Create | Villager (Male) |
| 12:12 | Build | Farm |
| 12:13 | Build | Farm |
| 12:22 | Build | Palisade Wall |
| 12:23 | Build | Palisade Wall |
| 12:23 | Build | Palisade Wall |
| 12:29 | Build | Farm |
| 12:34 | Create | Villager (Male) |
| 12:38 | Create | Scout Cavalry |
| 12:46 | Build | Palisade Wall |
| 12:53 | Create | Villager (Male) |
| 12:56 | Build | Farm |
| 13:01 | Build | Palisade Wall |
| 13:03 | Build | Palisade Wall |
| 13:03 | Build | Palisade Wall |
| 13:05 | Build | Palisade Wall |
| 13:06 | Create | Villager (Male) |
| 13:13 | Create | Scout Cavalry |
| 13:13 | Create | Scout Cavalry |
| 13:39 | Create | Villager (Male) |
Match timeline
| 5:01 | uel · first_building Barracks |
| 5:08 | uel · wall_segment Palisade Wall x1 |
| 5:09 | uel · wall_segment Palisade Wall x1 |
| 5:29 | uel · wall_segment Palisade Wall x1 |
| 7:57 | 燕麦牛奶 · wall_segment Palisade Wall x1 |
| 7:58 | 燕麦牛奶 · wall_segment Palisade Wall x1 |
| 7:59 | 燕麦牛奶 · wall_segment Palisade Wall x1 |
| 8:26 | 燕麦牛奶 · wall_segment Palisade Wall x6 |
| 8:35 | 燕麦牛奶 · wall_segment Palisade Wall x4 |
| 8:42 | 燕麦牛奶 · wall_segment Palisade Wall x1 |
| 8:42 | 燕麦牛奶 · wall_segment Palisade Wall x1 |
| 8:43 | 燕麦牛奶 · wall_segment Palisade Wall x1 |
| 8:48 | 燕麦牛奶 · wall_segment Palisade Wall x1 |
| 9:07 | 燕麦牛奶 · wall_segment Palisade Wall x1 |
| 9:20 | 燕麦牛奶 · age_up feudal |
| 9:31 | 燕麦牛奶 · first_building Barracks |
| 9:36 | 燕麦牛奶 · wall_segment Palisade Wall x1 |
| 9:38 | 燕麦牛奶 · wall_segment Palisade Wall x1 |
| 9:39 | 燕麦牛奶 · wall_segment Palisade Wall x1 |
| 9:50 | 燕麦牛奶 · wall_segment Palisade Wall x1 |
| 10:01 | 燕麦牛奶 · wall_segment Palisade Wall x1 |
| 10:18 | 燕麦牛奶 · first_building Stable |
| 10:33 | uel · age_up feudal |
| 10:34 | uel · first_building Archery Range |
| 11:38 | 燕麦牛奶 · wall_segment Palisade Wall x1 |
| 11:39 | 燕麦牛奶 · wall_segment Palisade Wall x1 |
| 11:43 | 燕麦牛奶 · wall_segment Palisade Wall x1 |
| 11:44 | 燕麦牛奶 · wall_segment Palisade Wall x1 |
| 11:51 | 燕麦牛奶 · wall_segment Palisade Wall x1 |
| 11:53 | 燕麦牛奶 · wall_segment Palisade Wall x1 |
| 11:55 | 燕麦牛奶 · wall_segment Palisade Wall x1 |
| 11:56 | 燕麦牛奶 · wall_segment Palisade Wall x1 |
| 12:03 | 燕麦牛奶 · wall_segment Palisade Wall x1 |
| 12:04 | 燕麦牛奶 · wall_segment Palisade Wall x1 |
| 12:22 | 燕麦牛奶 · wall_segment Palisade Wall x1 |
| 12:23 | 燕麦牛奶 · wall_segment Palisade Wall x1 |
| 12:23 | 燕麦牛奶 · wall_segment Palisade Wall x1 |
| 12:46 | 燕麦牛奶 · wall_segment Palisade Wall x1 |
| 13:01 | 燕麦牛奶 · wall_segment Palisade Wall x1 |
| 13:03 | 燕麦牛奶 · wall_segment Palisade Wall x1 |
| 13:03 | 燕麦牛奶 · wall_segment Palisade Wall x1 |
| 13:05 | 燕麦牛奶 · wall_segment Palisade Wall x1 |
| 13:48 | 燕麦牛奶 · resign |
[ AI ANALYSIS · 1 CREDIT ]
What really happened in this match?
Wolo.gg analyzes every decision: build order, eco, micro, common mistakes by bracket. Personalized analysis on WhatsApp or Discord in 30 seconds.
Civ guide
Tatars
Perfil
Jugador #9754373